 Dungeon Crawl Stone Soup version 0.27-a0-1529-g1e82c303ef (webtiles) character file.

Game seed: 5683558862142278697

135 avis the Insei (level 5, -1/33 HPs)
             Began as an Octopode Transmuter on July 11, 2021.
             Slain by a scorpion (8 damage)
             ... on level 4 of the Dungeon.
             The game lasted 00:23:56 (3673 turns).

avis the Insei (Octopode Transmuter)                Turns: 3673, Time: 00:23:56

Health: -1/33      AC:  1    Str: 10    XL:     5   Next: 18%
Magic:  8/9        EV: 28    Int: 16    God:
Gold:   90         SH:  0    Dex: 12    Spells: 6/10 levels left

rFire    . . .     SeeInvis .   a - +1 whip (freeze)
rCold    . . .     Faith    .   (no shield)
rNeg     . . .     Spirit   .   (helmet restricted)
rPois    .         Reflect  .   o - amulet of the acrobat
rElec    .         Harm     .   p - ring of wizardry
rCorr    +         Rampage  .   q - ring of resist corrosion
Will     .....                  (no ring)
Stlth    +++.......             (no ring)
HPRegen  0.11/turn              (no ring)
MPRegen  0.11/turn              (no ring)
                                (no ring)
                                (no ring)

@: acrobatic
A: almost no armour, amphibious, 8 rings, camouflage 1, gelatinous body 1,
(nimble swimmer 1), tentacles
a: no special abilities


You were on level 4 of the Dungeon.
You visited 1 branch of the dungeon, and saw 4 of its levels.

You collected 90 gold pieces.

Inventory:

Hand Weapons
 a - a +1 whip of freezing (weapon)
 d - a +0 short sword
 e - a +3 dagger
 g - a +1 hand axe of distortion
 s - a +1 short sword of venom
Missiles
 b - 117 stones
 h - 52 bolts
 i - 58 arrows
Jewellery
 o - an amulet of the acrobat (around mantle)
 p - a ring of wizardry (left tentacle)
 q - a ring of resist corrosion (right tentacle)
Scrolls
 c - a scroll of immolation {unknown}
 f - 6 scrolls of identify {unknown}
 j - 2 scrolls of noise {unknown}
 l - 2 scrolls of magic mapping {unknown}
 m - 2 scrolls of vulnerability {unknown}
 r - a scroll of summoning {unknown}
 u - a scroll of amnesia {unknown}
Potions
 k - a potion of berserk rage {unknown}
 n - a potion of flight {unknown}
 t - a potion of attraction {unknown}
 v - a potion of curing {unknown}
 w - a potion of lignification {unknown}


   Skills:
 - Level 1.0 Fighting
 - Level 2.2 Dodging
 - Level 1.0 Stealth
 * Level 4.2 Unarmed Combat
 - Level 3.0 Spellcasting
 - Level 3.0 Transmutations
 - Level 1.0 Poison Magic


You had 6 spell levels left.
You knew the following spells:

 Your Spells              Type           Power      Damage    Failure   Level
a - Beastly Appendage     Tmut           24%        N/A       2%          1
p - Spider Form           Tmut/Pois      4%         N/A       10%         3

Your spell library contained the following spells:

 Spells                   Type           Power      Damage    Failure   Level
 Wereblood                Tmut           12%        N/A       3%          2
 Ice Form                 Ice/Tmut       7%         N/A       36%         4
 Olgreb's Toxic Radiance  Pois           5%         N/A       43%         4
 Ozocubu's Refrigeration  Ice            1%         4d5       100%        7
 Ignition                 Fire           1%         3d3       100%        8


Dungeon Overview and Level Annotations

Branches:
Dungeon (4/15)
 Temple: D:4-7

Altars:
Kikubaaqudgha
Nemelex Xobeh
Ru
The Shining One

Shops:
D:3 (*([

Annotations:
D:4 Grinder


Innate Abilities, Weirdness & Mutations

You cannot wear most types of armour.
You are amphibious.
You can wear up to eight rings at the same time.
Your skin changes colour to match your surroundings (Stealth+).
Your rubbery body absorbs attacks. (AC +1, EV +1)
((You are camouflaged near water. (Stealth+)))
You have tentacles for arms and can constrict up to eight enemies at once.


Message History

Found a stone staircase leading down.
Found a black potion.
Found a leather armour.
v - a black potion
Found a bubbling blue potion.
w - a bubbling blue potion A quokka, a scorpion, a gnoll and an ogre come into view.
Casting: Spider Form (quite dangerous; 10% risk of failure)
Confirm with . or Enter, or press ? or * to list all spells.
The spell is quite dangerous to cast (10% risk of failure)!
Continue anyway?
You turn into a venomous arachnid creature.
Your +1 whip of freezing melds into your body.
Your +1 whip of freezing stops glowing.
An orc wizard comes into view. It is wielding a +2 dagger of venom.
The ogre shouts!
You hear an angry hiss.
A ball python comes into view.
The quokka bites you.
The orc wizard gestures wildly while chanting.
The orc wizard flickers and vanishes!
Deactivating autopickup; reactivate with Ctrl-A.
The ogre hits you with a +0 giant club!!
Ouch! That really hurt!
The gnoll shouts!
You hear a howl!
Found 18 gold pieces.
You bite the ogre!
The ogre looks as sick as possible!
The ogre is moderately wounded.
The quokka misses you.
A howler monkey comes into view.
The gnoll completely misses you. The quokka completely misses you.
The quokka completely misses you.
Your transformation is almost over.
The quokka misses you. The quokka bites you.
* * * LOW HITPOINT WARNING * * *
Your transformation has ended.
Your +1 whip of freezing unmelds from your body.
Your +1 whip of freezing glows with a cold blue light!
The scorpion stings you!
You die...

#.............## #.#
#............>.. . .
#.............######## .# .
#....................# #. ##
#....................###+###
#...............<....##.....
#....................##.....
#....................##.....
#..........@######..........
########..rs# #..........
#....# #.......†.. #...S#
#.....[..## ..###...O##
#........# ..........#
#........# ..........#
#........# ........{.#
#........# ..........#
#........#


You could see an ogre (poisoned), a scorpion, a quokka and a ball python.

Vanquished Creatures
  Jessica (D:2)
  2 adders
  A worm (D:2)
  A dart slug (D:1)
  4 orcs (D:3)
  2 ball pythons
  4 bats
  2 endoplasms (D:1)
  2 giant cockroaches
  12 goblins
  5 hobgoblins
  14 jackals
  3 quokkas
  2 frilled lizards (D:2)
  14 kobolds
  3 rats
72 creatures vanquished.

Vanquished Creatures (others)
  A plant (D:3)
1 creature vanquished.

Grand Total: 73 creatures vanquished

Notes
Turn   | Place    | Note
-------+----------+-------------------------------------------
     0 | D:1      | avis the Octopode Transmuter began the quest for the Orb.
     0 | D:1      | Reached XP level 1. HP: 13/13 MP: 3/3
   184 | D:1      | Reached XP level 2. HP: 15/18 MP: 3/5
   663 | D:1      | Reached XP level 3. HP: 22/23 MP: 4/6
   670 | D:1      | Learned a level 3 spell: Spider Form
   749 | D:1      | Found a faded altar of an unknown god.
  1503 | D:2      | Reached skill level 1 in Stealth
  1508 | D:2      | Reached skill level 4 in Unarmed Combat
  1587 | D:2      | Noticed Jessica
  1620 | D:2      | Killed Jessica
  1621 | D:2      | Reached skill level 1 in Poison Magic
  1621 | D:2      | Reached XP level 4. HP: 21/28 MP: 3/7
  2352 | D:3      | Found an ancient bone altar of Kikubaaqudgha.
  2363 | D:3      | Found Ithres's Antique Armour Shop.
  2583 | D:3      | Found Muebahalu's Assorted Antiques.
  2617 | D:3      | Found Rufeut's Weapon Emporium.
  2619 | D:3      | Found Ampeeti's Antique Weapon Boutique.
  2820 | D:3      | Reached XP level 5. HP: 25/33 MP: 6/9
  3405 | D:4      | Noticed Grinder
  3478 | D:4      | Found a sacrificial altar of Ru.
  3478 | D:4      | Found a sparkling altar of Nemelex Xobeh.
  3478 | D:4      | Found a glowing golden altar of the Shining One.
  3651 | D:4      | Noticed an ogre
  3673 | D:4      | Slain by a scorpion

Illustrated notes

Levels and vault maps discovered:
D:1:      lemuel_arrival_lava_pool, layout_basic,
          shapermc_ecumenical_altar_mp_highgroup
D:2:      layout_loops_ring, uniq_jessica
D:3:      layout_basic, kiku_gazebo_pond_becter, serial_shops,
          nicolae_shop_statue_plus, nicolae_shop_overgrown_old_shop, shop,
          shop_fountains, guppyfry_early_orc_mine
D:4:      minmay_opposing_rooms, layout_basic,
          nicolae_dithmenos_through_a_glass_darkly,
          gammafunk_temple_overflow_claw, mainiacjoe_overflow_small_starburst,
          minmay_ruined_shrine, uniq_edmund, uniq_grinder, uniq_pikel

Skill      XL: |  1  2  3  4  5 |
---------------+----------------+-----
Stealth        | 1 |  1.0
Unarmed Combat | 4 |  4.2
Poison Magic   | 1 |  1.0
Transmutations | 3 |  3.0
Spellcasting   | 3 |  3.0
Fighting       | |  1.0
Dodging        | |  2.2

Action                   |  1- 3 |  4- 6 || total
-------------------------+-------+-------++-------
Melee: Unarmed           |    16 |    24 ||    40
       Kick              |    20 |     4 ||    24
       Constrict         |    21 |     9 ||    30
       Tentacles         |    12 |     5 ||    17
       Short sword       |    19 |       ||    19
       Whip              |    35 |    42 ||    77
       Punch             |     1 |       ||     1
 Cast: Beastly Appendage |    25 |    17 ||    42
       Spider Form       |     1 |     7 ||     8
 Stab: Sleeping          |     9 |     2 ||    11
Armor: Skin              |     4 |     5 ||     9
Dodge: Dodged            |    32 |    50 ||    82

Table legend: (Time is in decaauts)
 A = Elapsed time spent in this place.
 B = Non-inter-level travel time spent in this place.
 C = Inter-level travel time spent in this place.
 D = Time resting spent in this place.
 E = Time spent auto-exploring this place.
 F = Levels seen in this place.
 G = Mean time per level.
                   A        B        C        D        E       F      G
               +--------+--------+--------+--------+--------+-----+--------+
         Total |   3683 |   3447 |    236 |    770 |   1854 |   4 |  920.8 |
       Dungeon |   3683 |   3447 |    236 |    770 |   1854 |   4 |  920.8 |
               +--------+--------+--------+--------+--------+-----+--------+

Top non-repeatable levels by time:
     D:1: 1299 daAuts
     D:3: 1155 daAuts
     D:2: 991 daAuts
     D:4: 236 daAuts
